 Dungeon Sprint DCSS version 0.30-a0-1163-gf69bf04e7a (webtiles) character file.

Game seed: 2893754948269307220

522 sircluck the Cleaver (level 7, -2/72 HPs)
             Began as a Hill Orc Berserker on Apr 28, 2023.
             Was an Elder of Trog.
             Slain by a sixfirhy (9 damage)
             ... summoned by a kobold demonologist
             ... in the Dungeon (Sprint III: "The Ten Rune Challenge").
             The game lasted 00:01:00 (690 turns).

sircluck the Cleaver (Hill Orc Berserker)            Turns: 690, Time: 00:01:01

Health: -2/72      AC:  2    Str: 22    XL:     7   Next: 22%
Magic:  7/7        EV: 13    Int:  7    God:    Trog [****..]
Gold:   31         SH:  0    Dex: 10    Spells: 6/6 levels left

rFire   . . .        a - +0 hand axe
rCold   . . .        (no shield)
rNeg    . . .        b - +0 animal skin
rPois   .            (no helmet)
rElec   .            (no cloak)
rCorr   .            (no gloves)
SInv    .            (no boots)
Will    .....        (no amulet)
Stlth   +            (no ring)
HPRegen 0.32/turn    (no ring)
MPRegen 0.10/turn

%: no teleportation
@: no status effects
A: no striking features
a: Renounce Religion, Berserk, Trog's Hand, Brothers in Arms


You were in the Dungeon.
You worshipped Trog.
Trog was greatly pleased with you.
You visited 1 branch You collected 31 gold pieces.

Inventory:

Hand Weapons
 a - a +0 hand axe (weapon)
Armour
 b - a +0 animal skin (worn)
Wands
 n - a wand of charming (10)
Scrolls
 h - a scroll of blinking
 j - a scroll of poison {unknown}
 k - 4 scrolls of identify
 m - a scroll of immolation {unknown}
Potions
 c - a potion of curing
 d - a potion of heal wounds
 e - a potion of haste
 f - 2 potions of magic
 g - a potion of berserk rage
 i - a potion of cancellation {unknown}
 l - 4 potions of flight


   Skills:
 + Level 10.2 Fighting
 + Level 13.9 Axes
 + Level 5.3 Armour
 + Level 5.1 Dodging
 + Level 0.5 Stealth


You had 6 spell levels left.
You didn't know any spells.
Your spell library was empty.

Dungeon Overview and Level Annotations

Branches:
Dungeon (1/1)

Altars:
Dithmenos
Kikubaaqudgha
Okawaru
Ru
Sif Muna
Trog
Uskayaw
Vehumet
Wu Jian
Yredelemnul
Beogh


Message History

You feel your anger nearly subside.
You are no longer berserk.
You are exhausted.
You feel yourself slow down.
You start resting.
There is a hide-covered altar of Uskayaw, spattered with blood here.
You start resting.
You feel yourself speed up.
There is a broken door, spattered with blood here.
Things that are here:
a +0 dagger; a human corpse You start resting.
You recover from your berserk rage.
You start resting.
You start resting.
HP restored.
There is a fountain of clear blue water here.
You open the door.
A wizard comes into view. It is wielding a +0 dagger.
The wizard shouts!
You hear a shout!
Found a book of Spectacle.
Found three altars.
You hit the wizard but do no damage. You hit the wizard but do no damage.
The wizard gestures wildly while chanting.
The wizard flickers and vanishes!
Deactivating autopickup; reactivate with Ctrl-A.
A kobold demonologist comes into view. It is wielding a +0 dagger.
You hit something but do no damage. You miss something. Something hits you!
You miss something.
The kobold demonologist mumbles some strange words.
Something hits you!
You miss something. You miss something. The sixfirhy hits you!
The sixfirhy shocks you!
You miss the sixfirhy. The sixfirhy closely misses you. The sixfirhy hits you!
The sixfirhy shocks you!
* * * LOW HITPOINT WARNING * * *
The sixfirhy hits you!
* * * LOW HITPOINT WARNING * * *
The sixfirhy shocks you!
You die...

#!.'....♣ ♣.# ########
#!.#....♣♣♣ ♣.# #___#__#
####......♣ ♣.# #__.#._#
...#....~.♣♣♣♣.###+#)###†##
...#...~~♣♣♣...#..........#
...#..~~~~...♣.'.⌠........#
##'#..~≈≈~~~.♣.#...######+#
)..#.~~≈~~~....#.⌠.#
...#.~≈~~~.....#@..#
...#.~~~.......#3###
####...........#.K
...............#___
▓▓▓▓▓▓▓▓▓▓▓▓▓▓▓▓▓▓▓▓


You could see a kobold demonologist and a sixfirhy (summoned).

Vanquished Creatures
  A necrophage (D)
  A water elemental (D)
  A scorpion (D)
  Jessica (D)
  A necromancer (D)
  3 humans (D)
  2 endoplasms (D)
  A rat (D)
11 creatures vanquished.

Notes
Turn   | Place    | Note
-------+----------+-------------------------------------------
     0 | D        | sircluck the Hill Orc Berserker began the quest for the
                  | Orb.
     0 | D        | Reached XP level 1. HP: 19/19 MP: 1/1
    38 | D        | Noticed Jessica
    39 | D        | Reached ** piety under Trog
    46 | D        | Killed Jessica
    47 | D        | Reached skill level 5 in Fighting
    47 | D        | Reached skill level 6 in Axes
    47 | D        | Reached XP level 2. HP: 29/29 MP: 2/2
    47 | D        | Reached XP level 3. HP: 36/36 MP: 3/3
   110 | D        | Reached skill level 7 in Axes
   199 | D        | Noticed a scorpion
   210 | D        | Killed a scorpion
   210 | D        | Reached *** piety under Trog
   211 | D        | Reached skill level 9 in Axes
   211 | D        | Reached XP level 4. HP: 22/47 MP: 4/4
   352 | D        | Noticed a water elemental
   360 | D        | Killed a water elemental
   361 | D        | Reached skill level 10 in Axes
   361 | D        | Reached XP level 5. HP: 34/53 MP: 5/5
   575 | D        | Found a shadowy altar of Dithmenos.
   588 | D        | Reached skill level 11 in Axes
   588 | D        | Reached XP level 6. HP: 46/62 MP: 6/6
   588 | D        | Found a basalt altar of Yredelemnul.
   588 | D        | Found a sacrificial altar of Ru.
   605 | D        | Found a hide-covered altar of Uskayaw.
   605 | D        | Found a roughly hewn altar of Beogh.
   605 | D        | Found an iron altar of Okawaru.
   605 | D        | Found a bloodstained altar of Trog.
   605 | D        | Found an ornate altar of the Wu Jian Council.
   605 | D        | Noticed a human
   606 | D        | Noticed a human
   613 | D        | Killed a human
   613 | D        | Reached **** piety under Trog
   614 | D        | Reached skill level 13 in Axes
   614 | D        | Reached skill level 5 in Armour
   618 | D        | Killed a human
   619 | D        | Reached skill level 10 in Fighting
   619 | D        | Reached skill level 5 in Dodging
   619 | D        | Reached XP level 7. HP: 72/72 MP: 7/7
   682 | D        | Found a radiant altar of Vehumet.
   682 | D        | Found a shimmering blue altar of Sif Muna.
   682 | D        | Found an ancient bone altar of Kikubaaqudgha.
   688 | D        | Noticed a sixfirhy
   690 | D        | Slain by a sixfirhy

Illustrated notes

Levels and vault maps discovered:
D:        dungeon_sprint_mu [sprint_mu_entry_forest, sprint_mu_temple_rooms,
          sprint_mu_d1_horrors, sprint_mu_d2_genie, sprint_mu_d3_branching,
          sprint_mu_orc_legion, sprint_mu_elf_gauntlet, sprint_mu_hive_nellie,
          sprint_mu_lair_fedhas, sprint_mu_vaults_butterflies,
          sprint_mu_slime_circle, sprint_mu_shoals_archi,
          sprint_mu_snake_twists, sprint_mu_blade_basic, sprint_mu_crypt_lich,
          sprint_mu_tomb_spiral, sprint_mu_vestibule_basic,
          sprint_mu_gehenna_hellfire, sprint_mu_dis_giant,
          sprint_mu_tartarus_statrot, sprint_mu_cocytus_islands, sprint_mu_zot1]

Skill      XL: |  1  2  3  4  5  6 |
---------------+-------------------+-----
Fighting       | 5 7 8 10 | 10.2
Axes           | 6 9 10 11 13 | 13.9
Dodging        | 2 3 5 |  5.1
Armour         | 3 4 5 |  5.3
Stealth        | |  0.5

Action                     |  1- 3 |  4- 6 |  7- 9 || total
---------------------------+-------+-------+-------++-------
  Melee: Hand axe          |    37 |    34 |     8 ||    79
 Invoke: Berserk           |     1 |     2 |       ||     3
 Armour: Animal skin       |     5 |       |       ||     5
  Dodge: Dodged            |    18 |     7 |     1 ||    26

Table legend: (Time is in decaauts)
 A = Elapsed time spent in this place.
 B = Non-inter-level travel time spent in this place.
 C = Inter-level travel time spent in this place.
 D = Time resting spent in this place.
 E = Time spent auto-exploring this place.
 F = Levels seen in this place.
 G = Mean time per level.
                   A        B        C        D        E       F      G
               +--------+--------+--------+--------+--------+-----+--------+
         Total |    716 |    716 |      0 |    274 |    299 |   1 |  716.0 |
       Dungeon |    716 |    716 |      0 |    274 |    299 |   1 |  716.0 |
               +--------+--------+--------+--------+--------+-----+--------+

Top non-repeatable levels by time:
       D: 716 daAuts
